 Dungeon Crawl Stone Soup version 0.30-a0-1082-g70414cbcbb (webtiles) character file.

Game seed: 8508117841570444907

4989 Arzdou the Covert (level 10, -8/47 HPs)
             Began as a Spriggan Enchanter on Apr 15, 2023.
             Mangled by a hornet (13 damage)
             ... on level 8 of the Dungeon.
             The game lasted 00:35:53 (9950 turns).

Arzdou the Covert (Spriggan Enchanter)              Turns: 9950, Time: 00:35:53

Health: -8/47      AC:  2    Str:  4    XL:     10   Next: 29%
Magic:  27/29      EV: 18    Int: 27    God:
Gold:   203        SH:  0    Dex: 13    Spells: 7/21 levels left

rFire   . . .      SeeInvis +    b - +12 shortbow "Wasuyg" {flame, Fly Int+7 Dex-4}
rCold   + . .      Faith    .    (shield currently unavailable)
rNeg    . . .      Spirit   .    u - +0 robe
rPois   .          Reflect  .    (helmet restricted)
rElec   .          Rampage  .    (no cloak)
rCorr   .                        (gloves unavailable)
Will    +....                    (boots unavailable)
Stlth   +++++                    (no amulet)
HPRegen 0.27/turn                x - ring of magical power
MPRegen 0.21/turn                y - ring of protection from cold

@: mighty, lethally poisoned (-8 -> -17), flying, slowed, quick
A: very small, no large weapons, unfitting armour, see invisible, speed 3
a: no special abilities


You were on level 8 of the Dungeon.
You visited 2 branches of the dungeon, and saw 9 of its levels.

You collected 421 gold pieces.
You spent 218 gold pieces at shops.

Inventory:

Hand Weapons
 a - a +2 short sword of venom
 b - the +12 shortbow "Wasuyg" (weapon) {flame, Fly Int+7 Dex-4}
   (You bought it in a shop on level 8 of the Dungeon)

   Int:       It affects your intelligence (+7).
   Dex:       It affects your dexterity (-4).
   Fly:       It grants you flight.
 n - a +1 dagger of pain
 B - a +0 sling
Missiles
 A - a throwing net
Armour
 u - a +0 robe (worn)
Jewellery
 x - a ring of magical power (left hand)
 y - a ring of protection from cold (right hand)
Wands
 C - a wand of mindburst (12)
Scrolls
 d - 4 scrolls of magic mapping
 f - 2 scrolls of fog {unknown}
 g - a scroll of immolation {unknown}
 j - 14 scrolls of identify {unknown}
 k - 3 scrolls of blinking {unknown}
 l - a scroll of silence {unknown}
 m - 3 scrolls of teleportation {unknown}
 r - a scroll of torment {unknown}
 t - a scroll of noise {unknown}
 v - a scroll of poison {unknown}
Potions
 c - 2 potions of invisibility
 h - 4 potions of might
 i - 4 potions of degeneration {unknown}
 o - 4 potions of curing {unknown}
 p - a potion of lignification {unknown}
 q - 4 potions of haste {unknown}
 s - a potion of resistance {unknown}
 w - a potion of ambrosia {unknown}
 z - a potion of cancellation {unknown}


   Skills:
 + Level 2.7 Fighting
 + Level 6.7 Short Blades
 * Level 4.0 Ranged Weapons
 + Level 5.2 Dodging
 * Level 14.0 Stealth
 + Level 6.3 Spellcasting
 * Level 7.9 Hexes
 + Level 3.2 Ice Magic


You had 7 spell levels left.
You knew the following spells:

 Your Spells              Type           Power      Damage    Failure   Level
a - Confusing Touch       Hex            51%        N/A       1%          3
b - Tukima's Dance        Hex            51%        N/A       1%          3
c - Ensorcelled Hibernat  Hex/Ice        76%        N/A       1%          2
d - Dazzling Flash        Conj/Hex       58%        N/A       3%          3
e - Portal Projectile     Hex/Tloc       58%        N/A       3%          3

Your spell library contained the following spells:

 Spells                   Type           Power      Damage    Failure   Level
 Summon Guardian Golem    Hex/Summ       29%        N/A       3%          3
 Apportation              Tloc           16%        N/A       6%          1
 Necrotise                Necr           32%        1d5       6%          1
 Sandblast                Erth           16%        2d6       6%          1
 Sting                    Tmut/Pois      32%        1d4       6%          1
 Summon Small Mammal      Summ           32%        N/A       6%          1
 Passwall                 Tmut/Erth      6%         N/A       10%         2
 Poisonous Vapours        Pois/Air       16%        N/A       10%         2
 Leda's Liquefaction      Hex/Erth       14%        N/A       12%         4
 Call Canine Familiar     Summ           8%         N/A       19%         3
 Stone Arrow              Conj/Erth      16%        3d8       19%         3
 Vampiric Draining        Necr           8%         2d6       19%         3
 Olgreb's Toxic Radiance  Pois           8%         N/A       54%         4
 Agony                    Necr           8%         N/A       87%         5
 Alistair's Intoxication  Tmut/Pois      5%         N/A       87%         5


Dungeon Overview and Level Annotations

Branches:
Dungeon (8/15)             Temple (1/1) D:4            Lair (0/5) D:8

Altars:
Ashenzari
Cheibriados
Elyvilon
Fedhas
Gozag
Hepliaklqana
Kikubaaqudgha
Makhleb
Nemelex Xobeh
Okawaru
Qazlal
Ru
Sif Muna
Trog
Uskayaw
Vehumet
Wu Jian
Xom
Yredelemnul
Zin
The Shining One

Shops:
D:4 !*[?*   D:8 ?(


Innate Abilities, Weirdness & Mutations

You are very small and have problems with some larger weapons.
You are too small for most types of armour.
You have supernaturally acute eyesight. (SInv)
You cover ground extremely quickly. (Speed+++)


Message History

There is an open door here.
The hornet attacks as you move away! The hornet closely misses you.
The hornet stings you!
* * * LOW HITPOINT WARNING * * *
You feel as though you will be slow longer.
Okay, then.
You feel much better. The hornet closely misses you. The hornet stings you!
You feel as though you will be slow longer.
You shoot an arrow. The arrow closely misses the hornet.
The hornet stings you!
You are poisoned.
You feel as though you will be slow longer.
The hornet stings you.
* * * LOW HITPOINT WARNING * * *
You suddenly lose the ability to move!
The hornet stings you!
* * * LOW HITPOINT WARNING * * *
You feel as though you will be slow longer.
You can move again.
Okay, then.
You feel much better.
You feel very sick. The hornet misses you. The hornet barely misses you.
Casting: Ensorcelled Hibernation (safe; 1% risk of failure)
Confirm with . or Enter, or press ? or * to list all spells.
Aiming: Ensorcelled Hibernation (safe; 1% risk of failure)
Press: ? - help, Shift-Dir - straight line, f/p - hornet
Aim: a hornet (moderately wounded, chance to affect: 56%)
The hornet looks drowsy...
You feel very sick.
You feel sick.
The hornet buzzes angrily.
The hornet stings you.
* * * LOW HITPOINT WARNING * * *
You are lethally poisoned!
You feel as though you will be slow longer.
It was a potion of might.
You feel very mighty all of a sudden.
* * * LOW HITPOINT WARNING * * *
You feel very sick. The hornet stings you!
You die...

.#####...#####...###.#.#
.'.#.......#.'...+.#.#.#
##.#'#...#+#.#####.#'#.#####
.....#...#.....#.....#.....###
.....##'##.....+.....#####...#
...^.#...#.....#.....#...#.#.#
##.#'#...#'#.#####.#'#...#'#.##
'.#.......#.+...'.#.......#..#
.#####...#####.y@#####...####.#
. #.'...+ #.......#.+...+..#.#
#.#####.#'#...#'#.######.#.##
... #.....#...#.....####.#..#
#.. ..'.....##'##.....'.##.##.#
#. ..#.....#...#.....#.....#.#
###.#'#...#'#.#######.#.# .
'.#.......#.'..# #...#
..#####...######.########


You could see a hornet.

Vanquished Creatures
  A two-headed ogre (D:8)
  A deep elf pyromancer (D:7)
  A slime creature (D:7)
  2 steam dragons
  Edmund (D:4)
  4 water moccasins
  3 ice beasts
  An orc warrior (D:7)
  4 sky beasts
  4 black bears
  A centaur (D:8)
  A kobold brigand (D:8)
  2 phantoms
  2 bullfrogs (D:7)
  2 gnoll sergeants (D:7)
  3 scorpions
  A water moccasin zombie (D:5)
  3 howler monkeys
  A bullfrog zombie (D:5)
  5 orc priests
  A centaur skeleton (D:5)
  8 hounds
  A jelly (D:7)
  A sleepcap (D:7)
  4 iguanas
  5 orc wizards
  A scorpion zombie (D:5)
  A hound skeleton (D:5)
  6 gnolls
  7 adders
  A shadow imp (D:5)
  4 worms
  3 dart slugs
  16 orcs
  6 endoplasms
  A giant cockroach (D:4)
  10 hobgoblins
  8 jackals
  2 quokkas
  11 ball pythons
  5 bats (D:1)
  5 frilled lizards
  8 goblins
  14 kobolds
  5 rats
177 creatures vanquished.

Vanquished Creatures (collateral kills)
  A kobold (D:3)
1 creature vanquished.

Vanquished Creatures (others)
  An orc wizard (D:5)
1 creature vanquished.

Grand Total: 179 creatures vanquished

Notes
Turn   | Place    | Note
-------+----------+-------------------------------------------
     0 | D:1      | Arzdou the Spriggan Enchanter began the quest for the Orb.
     0 | D:1      | Reached XP level 1. HP: 9/9 MP: 5/5
   168 | D:1      | Reached XP level 2. HP: 12/13 MP: 6/6
   656 | D:1      | Reached skill level 5 in Stealth
   782 | D:2      | Reached XP level 3. HP: 5/16 MP: 8/8
   786 | D:2      | Learned a level 3 spell: Confusing Touch
   790 | D:2      | Learned a level 3 spell: Tukima's Dance
  1562 | D:2      | Reached XP level 4. HP: 9/21 MP: 9/9
  1959 | D:3      | Reached skill level 6 in Stealth
  2696 | D:3      | Learned a level 2 spell: Ensorcelled Hibernation
  2768 | D:3      | Reached XP level 5. HP: 25/25 MP: 10/10
  3038 | D:4      | Noticed a phantom
  3038 | D:4      | Noticed a black bear
  3038 | D:4      | Found Heekhloa's General Store.
  3063 | D:3      | Killed a phantom
  3136 | D:4      | Found a staircase to the Ecumenical Temple.
  3173 | D:4      | Reached skill level 1 in Fighting
  3206 | D:4      | Reached XP level 6. HP: 30/30 MP: 11/11
  3219 | D:4      | Found Duusos's Antique Armour Shoppe.
  3222 | D:4      | Reached skill level 7 in Stealth
  3251 | Temple   | Entered the Ecumenical Temple
  3366 | D:4      | Found an opulent altar of Gozag.
  3470 | D:4      | Found Deank's Magic Scroll Shoppe.
  3501 | D:4      | Noticed Edmund
  3819 | D:4      | Killed Edmund
  4038 | D:4      | Reached XP level 7. HP: 26/33 MP: 2/13
  4205 | D:4      | Found Qobluesi's Distillery.
  4341 | D:4      | Found Zarohean's Serpentskin Sales.
  4478 | D:3      | Reached skill level 1 in Ice Magic
  4547 | D:3      | Reached skill level 5 in Hexes
  4853 | D:4      | Reached skill level 5 in Short Blades
  4981 | D:5      | Entered Level 5 of the Dungeon
  5099 | D:5      | Found a white marble altar of Elyvilon.
  5115 | D:5      | Reached skill level 8 in Stealth
  5997 | D:5      | Reached XP level 8. HP: 38/38 MP: 12/15
  6010 | D:5      | Reached skill level 9 in Stealth
  6269 | D:5      | Reached skill level 10 in Stealth
  6335 | D:5      | Reached skill level 5 in Dodging
  6740 | D:4      | Bought a +0 sling for 18 gold pieces
  6921 | D:6      | Reached skill level 5 in Spellcasting
  7217 | D:6      | Reached skill level 11 in Stealth
  7416 | D:6      | Reached XP level 9. HP: 26/43 MP: 17/17
  7742 | D:6      | Reached skill level 1 in Ranged Weapons
  7870 | D:7      | Reached skill level 12 in Stealth
  8114 | D:7      | Noticed a deep elf pyromancer
  8221 | D:7      | Killed a deep elf pyromancer
  8222 | D:7      | Reached skill level 13 in Stealth
  8309 | D:7      | Learned a level 3 spell: Dazzling Flash
  8313 | D:7      | Learned a level 3 spell: Portal Projectile
  8594 | D:7      | Found a snail-covered altar of Cheibriados.
  8986 | D:7      | Reached XP level 10. HP: 47/47 MP: 19/19
  9060 | D:8      | Found Daricwojue's Magic Scroll Shop.
  9275 | D:8      | Noticed a two-headed ogre
  9364 | D:8      | Killed a two-headed ogre
  9539 | D:8      | Reached skill level 14 in Stealth
  9555 | D:8      | Found Zietem's Antique Weapon Shop.
  9563 | D:8      | Bought an ebony shortbow for 200 gold pieces
  9563 | D:8      | Identified the +12 shortbow "Wasuyg" {flame, Fly Int+7
                  | Dex-4} (You bought it in a shop on level 8 of the Dungeon)
  9580 | D:8      | Found a staircase to the Lair.
  9946 | D:8      | Paralysed by a hornet for 2 turns
  9946 | D:8      | HP: 2/47 [hornet (11)]
  9950 | D:8      | Mangled by a hornet

Illustrated notes

Levels and vault maps discovered:
D:1:      ebering_trefoil_twist, layout_loops_ring
D:2:      layout_loops_ring
D:3:      layout_loops_cross, cheibrodos_sewer_entry_bend
D:4:      layout_loops_corners, mainiacjoe_overflow_24_doors,
          minmay_temple_entry_tees, serial_shops, nicolae_shop_hallway_stairs,
          shop, shop_statue, shop_fountains, guppyfry_shop_venom, uniq_edmund
D:5:      minmay_diamond_boxcup, layout_loops_cross,
          mainiacjoe_overflow_chevrons, serial_undead, serial_undead_e,
          serial_undead_c, serial_undead_c, serial_undead_e
D:6:      layout_gridville, chequers_serial_rivers_micro_c, serial_park_tiny_1
D:7:      minmay_chambers_of_sixes, layout_rooms, cheibrodos_worm_habitat
D:8:      nicolae_cairo_tiling_large, layout_cave_pods, serial_shops,
          nicolae_shop_tiny_glass, nicolae_diamond_shop, shop,
          minmay_unpleasant_kobolds, uniq_joseph
Temple:   dpeg_three_leaves_temple

Skill      XL: |  1  2  3  4  5  6  7  8  9 10 |
---------------+-------------------------------+-----
Dodging        | 3 4 5 |  5.2
Hexes          | 4 5 7 |  7.9
Stealth        | 5 6 7 8 11 13 14 | 14.0
Short Blades   | 2 3 4 5 6 |  6.7
Spellcasting   | 3 4 5 6 |  6.3
Fighting       | 1 2 |  2.7
Ice Magic      | 1 3 |  3.2
Ranged Weapons | 2 4 |  4.0

Action                     |  1- 3 |  4- 6 |  7- 9 | 10-12 || total
---------------------------+-------+-------+-------+-------++-------
  Melee: Dagger            |   160 |    40 |       |       ||   200
         Punch             |     3 |       |     2 |       ||     5
         Short sword       |       |    92 |   265 |    22 ||   379
   Fire: Shortbow          |       |       |       |    16 ||    16
         Sling             |       |       |       |    12 ||    12
   Cast: Confusing Touch   |     4 |     3 |    15 |     1 ||    23
         Tukima's Dance    |     1 |     2 |       |       ||     3
         Ensorcelled Hiber |       |    18 |    64 |    25 ||   107
    Use: Scroll            |       |     1 |       |       ||     1
         Potion            |       |       |       |     3 ||     3
   Stab: Sleeping          |    12 |    10 |    47 |     6 ||    75
         Confused          |     2 |     2 |    15 |     1 ||    20
         Distracted        |       |     1 |       |       ||     1
 Armour: Robe              |    12 |     6 |    12 |     2 ||    32
  Dodge: Dodged            |   104 |    92 |   147 |    40 ||   383

Table legend: (Time is in decaauts)
 A = Elapsed time spent in this place.
 B = Non-inter-level travel time spent in this place.
 C = Inter-level travel time spent in this place.
 D = Time resting spent in this place.
 E = Time spent auto-exploring this place.
 F = Levels seen in this place.
 G = Mean time per level.
                   A        B        C        D        E       F      G
               +--------+--------+--------+--------+--------+-----+--------+
         Total |   7304 |   7034 |    270 |     95 |   5065 |   9 |  811.6 |
       Dungeon |   7256 |   6994 |    262 |     95 |   5032 |   8 |  907.0 |
        Temple |     48 |     40 |      8 |      0 |     33 |   1 |   48.0 |
               +--------+--------+--------+--------+--------+-----+--------+

Top non-repeatable levels by time:
     D:4: 1218 daAuts
     D:3: 1136 daAuts
     D:5: 1087 daAuts
     D:7: 962 daAuts
     D:6: 905 daAuts
     D:2: 706 daAuts
     D:8: 691 daAuts
     D:1: 548 daAuts
  Temple: 48 daAuts
